 Dungeon Crawl Stone Soup version 0.31.0-32-g396128a36d (webtiles) character file.

Game seed: 7374164263824854975

2 ChadusMaximus the Caller (level 1, -2/13 HPs)
             Began as a Barachi Summoner on Mar 8, 2024.
             Slain by a gnoll
             ... wielding a +0 whip
              (4 damage)
             ... on level 1 of the Dungeon.
             The game lasted 00:00:19 (92 turns).

ChadusMaximus the Caller (Barachi Summoner)           Turns: 92, Time: 00:00:20

Health: -2/13      AC:  2    Str:  9    XL:     1   Next: 40%
Magic:  0/3        EV: 12    Int: 15    God:
Gold:   8          SH:  0    Dex: 12    Spells: 3/4 levels left

rFire   . . .        c - +0 dagger
rCold   . . .        (no shield)
rNeg    . . .        a - +0 robe
rPois   .            (no helmet)
rElec   .            (no cloak)
rCorr   .            (no gloves)
SInv    .            (no boots)
Will    .....        (no amulet)
Stlth   ++           (no ring)
HPRegen 0.22/turn    (no ring)
MPRegen 0.08/turn

%: no passive effects
@: slow
A: amphibious, slowness 1, strong legs 1, +LOS
a: Hop


You were on level 1 of the Dungeon.
You visited 1 branch of the dungeon, and saw 1 of its levels.

You collected 8 gold pieces.

Inventory:

Hand Weapons
 c - a +0 dagger (weapon)
Armour
 a - a +0 robe (worn)
Potions
 b - a potion of magic


   Skills:
 - Level 2.1 Dodging
 - Level 1.7 Stealth
 + Level 2.2 Spellcasting
 * Level 4.9 Summonings


You had 3 spell levels left.
You knew the following spells:

 Your Spells              Type           Power      Damage    Failure   Level
a - Summon Small Mammal   Summ           64%        N/A       2%          1

Your spell library contained the following spells:

 Spells                   Type           Power      Damage    Failure   Level
 Call Imp                 Summ           32%        N/A       4%          2
 Call Canine Familiar     Summ           16%        N/A       9%          3
 Summon Blazeheart Golem  Fire/Summ      9%         N/A       61%         4
 Summon Lightning Spire   Summ/Air       9%         N/A       61%         4


Dungeon Overview and Level Annotations

Branches:
Dungeon (1/15)

Altars:


Innate Abilities, Weirdness & Mutations

You are amphibious.
You cover ground slowly.
You can hop short distances.
You have an extended range of vision and can be seen from far away.


Message History

Unknown command.
Your quokka barely misses the gnoll.
The ball python closely misses you. The ball python grabs you.
The ball python constricts you.
Your magical contamination has completely faded away.
You escape the ball python's grasp.
Your quokka bites the gnoll.
The gnoll hits your quokka with a +0 whip!
Your quokka dies!
Your quokka's corpse disappears in a puff of smoke!
The gnoll hits your rat with a +0 whip!
Your rat dies!
Your rat's corpse disappears in a puff of smoke!
The gnoll shouts!
The ball python attacks as it pursues you!
The ball python bites you but does no damage.
The ball python closely misses you. The ball python bites you.
The ball python misses you.
The ball python attacks as it pursues you!
The ball python closely misses you. The ball python grabs you.
The ball python constricts you.
You escape the ball python's grasp.
Found 6 stones.
The ball python closely misses you. The ball python grabs you.
The ball python constricts you.
You escape the ball python's grasp.
The ball python closely misses you. The ball python barely misses you.
The ball python completely misses you. The ball python closely misses you.
The gnoll misses you.
The ball python attacks as it pursues you!
The ball python misses you. The ball python closely misses you.
The gnoll attacks as it pursues you! The gnoll hits you with a +0 whip.
The ball python barely misses you. The ball python grabs you.
The ball python constricts you.
You escape the ball python's grasp.
The gnoll hits you with a +0 whip.
* * * LOW HITPOINT WARNING * * *
Casting: Summon Small Mammal (safe; 2% risk of failure)
Confirm with . or Enter, or press ? or * to list all spells.
The gnoll hits you with a +0 whip.
* * * LOW HITPOINT WARNING * * *
The gnoll attacks as it pursues you! The gnoll hits you with a +0 whip.
You die...

###.####..#
###..####
#.......#
#...†##.#
#..†....#
#S####..#
#.####.###
#g##.....##
#@#.#8~8#.#
#r# #≈≈≈#.#
#.# #8≈8#.#
#.# #≈≈≈#.#
#.#.#8≈8#.#
..##.....##
#####.<.##
#####


You could see a gnoll (ally target), a ball python and a friendly rat
(summoned).

Vanquished Creatures (collateral kills)
  2 ball pythons (D:1)
  A goblin (D:1)
3 creatures vanquished.

Notes
Turn   | Place    | Note
-------+----------+-------------------------------------------
     0 | D:1      | ChadusMaximus the Barachi Summoner began the quest for the
                  | Orb.
     0 | D:1      | Reached XP level 1. HP: 13/13 MP: 3/3
    92 | D:1      | Slain by a gnoll

Illustrated notes

Levels and vault maps discovered:
D:1:      lightli_arrival_statue_moat, layout_basic, serial_shops, shop

Action                     || total
---------------------------++-------
  Melee: Unarmed           ||     1
   Cast: Summon Small Mamm ||     7
 Armour: Robe              ||     7
  Dodge: Dodged            ||    15
